 Dungeon Crawl Stone Soup version 0.27.1-2-g3b301248ec (webtiles) character file.

Game seed: 2414199370773273637

310 DoubleLucky the Caller (level 6, -1/49 HPs)
             Began as a Barachi Summoner on Sept 29, 2021.
             Slain by a gnoll shaman (10 damage)
             ... on level 6 of the Dungeon.
             The game lasted 00:25:29 (5932 turns).

DoubleLucky the Caller (Barachi Summoner)           Turns: 5932, Time: 00:25:29

Health: -1/49      AC:  4    Str: 11    XL:     6   Next: 41%
Magic:  8/21       EV: 11    Int: 16    God:
Gold:   281        SH:  0    Dex: 12    Spells: 7/13 levels left

rFire    + . .     SeeInvis .   w - +7 spear of Wapar {vorpal, rF+ rCorr}
rCold    + + .     Faith    .   (no shield)
rNeg     + + +     Spirit   .   b - +0 leather armour
rPois    .         Reflect  .   (no helmet)
rElec    .         Harm     .   (no cloak)
rCorr    +         Rampage  .   h - +0 pair of gloves
Will     ++...                  (no boots)
Stlth    ++........             (no amulet)
HPRegen  0.16/turn              v - ring "Ykeyroes" {*Slow rC++ rN+++ Will+ MP+9}
MPRegen  0.17/turn              d - ring of willpower

@: unable to hop, slowed, very slow
A: amphibious, slowness 1, strong legs 1, +LOS
a: Hop


You were on level 6 of the Dungeon.
You visited 1 branch of the dungeon, and saw 5 of its levels.
You also visited: Sewer.

You collected 281 gold pieces.

Inventory:

Hand Weapons
 i - a +0 spear
 s - a +2 dagger of protection
 t - a +0 halberd
 w - the +7 spear of Wapar (weapon) {vorpal, rF+ rCorr}
   (You found it on level 4 of the Dungeon)

   It inflicts extra damage upon your enemies.
   rF:        It protects you from fire.
   rCorr:     It protects you from acid and corrosion.
Armour
 a - a +0 robe
 b - a +0 leather armour (worn)
 h - a +0 pair of gloves (worn)
Jewellery
 d - a ring of willpower (right hand)
 l - a ring of resist corrosion
 v - the ring "Ykeyroes" (left hand) {*Slow rC++ rN+++ Will+ MP+9}
   (You acquired it on level 6 of the Dungeon)

   [ring of magical power]

   rC:        It greatly protects you from cold.
   rN:        It renders you almost immune to negative energy.
   MP:        It affects your magic capacity (+9).
   *Slow:     It may slow you when you take damage.
   Will:      It increases your willpower.
Wands
 u - a wand of digging (6)
 x - a wand of flame (42)
Scrolls
 c - a scroll of enchant weapon {unknown}
 e - 2 scrolls of teleportation
 k - 2 scrolls of enchant armour
 m - a scroll of immolation
 o - 3 scrolls of summoning
Potions
 f - a potion of magic {unknown}
 g - a potion of might {unknown}
 j - a potion of cancellation {unknown}
 n - a potion of curing {unknown}
 p - a potion of mutation {unknown}
 q - 4 potions of heal wounds
 r - a potion of degeneration {unknown}


   Skills:
 + Level 4.3 Fighting
 + Level 0.7 Polearms
 - Level 2.1 Dodging
 - Level 1.7 Stealth
 + Level 4.3 Spellcasting
 - Level 6.0 Summonings


You had 7 spell levels left.
You knew the following spells:

 Your Spells              Type           Power      Damage    Failure   Level
a - Summon Small Mammal   Summ           88%        N/A       1%          1
b - Call Imp              Summ           22%        N/A       2%          2
c - Call Canine Familiar  Summ           22%        N/A       5%          3

Your spell library contained the following spells:

 Spells                   Type           Power      Damage    Failure   Level
 Summon Guardian Golem    Hex/Summ       13%        N/A       19%         3
 Ensorcelled Hibernation  Hex/Ice        6%         N/A       32%         2
 Summon Lightning Spire   Summ/Air       13%        N/A       52%         4
 Spider Form              Tmut/Pois      1%         N/A       54%         3
 Shadow Creatures         Summ           N/A        N/A       95%         6


Dungeon Overview and Level Annotations

Branches:
Dungeon (4/15)              Sewer (visited)
 Temple: D:4-7

Altars:


Innate Abilities, Weirdness & Mutations

You are amphibious.
You cover ground slowly.
You can hop short distances.
You have an extended range of vision and can be seen from far away.


Message History

Your quokka bites the gnoll shaman.
Your crimson imp hits the gnoll.
Your hound bites the gnoll.
Your shadow imp closely misses the gnoll shaman.
Your crimson imp barely misses the gnoll shaman.
The gnoll barely misses your hound.
Your quokka bites the gnoll.
The white imp barely misses your hound.
Reach: w) +7 spear of Wapar {vorpal, rF+ rCorr}
Press: ? - help, Dir - move target, f - gnoll shaman
Aim: a gnoll shaman, wielding a +0 whip and wearing a +0 leather armour (lightly wounded, ally target, about 28% to evade the +7 spear of Wapar)
You reach to attack!
You closely miss the gnoll shaman.
The gnoll shaman is lightly wounded.
You feel sick.
You are no longer poisoned.
Your hound closely misses the gnoll.
Your quokka bites the gnoll shaman but does no damage.
The gnoll closely misses your crimson imp.
Your quokka bites the gnoll but does no damage.
Your crimson imp hits the gnoll shaman but does no damage.
The white imp hits your hound but does no damage.
The gnoll hits your hound with a +0 spear.
You hit the gnoll shaman.
The gnoll shaman is moderately wounded.
Your hound bites the gnoll.
The gnoll hits your quokka with a +0 flail!
Your quokka dies!
Your quokka's corpse disappears in a puff of smoke!
The gnoll shaman hits you with a +0 whip!
* * * LOW HITPOINT WARNING * * *
You feel yourself slow down.
Your crimson imp barely misses the gnoll.
Your hound bites the gnoll.
Your crimson imp hits the gnoll shaman.
The white imp gestures at you. The puff of frost hits your hound!
Your hound dies!
Your hound's corpse disappears in a puff of smoke!
You barely miss the gnoll shaman.
The gnoll shaman is heavily wounded.
The gnoll hits your crimson imp with a +0 halberd.
The gnoll shaman hits you with a +0 whip!
You die...

###########
#.@.......#
#..g5.....#
#.r5......#
#...§§....#
#.gg......#
#.5§.5....#
#..g......#
#####...###
.gg.g.g'...+


You could see a gnoll shaman (ally target), 3 gnolls, a white imp, 2 friendly
crimson imps, a friendly shadow imp (summoned) and a friendly quokka (summoned).

Vanquished Creatures
  A scorpion (D:4)
  A gnoll (D:3)
  An adder (D:3)
  An orc (D:3)
  2 ball pythons
  4 goblins
  4 kobolds
  A quokka (D:2)
  5 bats
  2 rats (D:3)
22 creatures vanquished.

Vanquished Creatures (collateral kills)
  Purgy (Sewer)
  Ijyb (D:3)
  Terence (D:3)
  An iguana (D:4)
  4 orc wizards (D:3)
  5 gnolls
  4 adders
  4 worms
  6 orcs
  11 ball pythons
  7 endoplasms
  3 giant cockroaches
  6 goblins
  4 hobgoblins
  2 quokkas
  5 bats
  5 frilled lizards
  7 kobolds
  6 rats
83 creatures vanquished.

Vanquished Creatures (others)
  2 plants (D:2)
2 creatures vanquished.

Grand Total: 107 creatures vanquished

Notes
Turn   | Place    | Note
-------+----------+-------------------------------------------
     0 | D:1      | DoubleLucky the Barachi Summoner began the quest for the
                  | Orb.
     0 | D:1      | Reached XP level 1. HP: 13/13 MP: 3/3
    46 | D:1      | Reached skill level 5 in Summonings
   106 | D:1      | Reached XP level 2. HP: 18/19 MP: 1/5
   961 | D:1      | Reached XP level 3. HP: 24/24 MP: 2/6
  1177 | D:1      | Reached skill level 6 in Summonings
  1708 | D:2      | Found a faded altar of an unknown god.
  1712 | D:2      | Learned a level 2 spell: Call Imp
  1716 | D:2      | Learned a level 3 spell: Call Canine Familiar
  1980 | D:2      | Reached skill level 1 in Fighting
  2555 | D:3      | Found a glowing drain.
  2572 | Sewer    | Entered a sewer
  2767 | Sewer    | Noticed Purgy
  3081 | Sewer    | Killed Purgy
  3082 | Sewer    | Reached XP level 4. HP: 34/34 MP: 0/8
  3386 | D:3      | Reached XP level 5. HP: 40/40 MP: 3/10
  4562 | D:3      | Noticed Ijyb
  4585 | D:3      | Killed Ijyb
  4661 | D:3      | Noticed Terence
  4684 | D:3      | Killed Terence
  4911 | D:4      | Reached XP level 6. HP: 31/48 MP: 0/12
  5506 | D:4      | Identified the +7 spear of Wapar {vorpal, rF+ rCorr}
  5849 | D:4      | You fall into a shaft and drop 2 floors!
  5851 | D:6      | Identified a scroll of acquirement
  5852 | D:6      | Acquired the ring "Ykeyroes" {*Slow rC++ rN+++ Will+ MP+9}
  5932 | D:6      | Slain by a gnoll shaman

Illustrated notes

Levels and vault maps discovered:
D:1:      saegor_arrival_simple_d, layout_loops_ring
D:2:      layout_basic, hellmonk_ecumenical_altar_pennies_from_heaven,
          serial_forest, infiniplex_forest_lined_2,
          infiniplex_forest_straight_1, infiniplex_forest_lined_room_3,
          infiniplex_forest_lined_2, infiniplex_forest_lined_room_3,
          infiniplex_forest_join, infiniplex_forest_clump_small,
          wander_ebering_terrifying_dragon_lair
D:3:      layout_loops_ring, cheibrodos_sewer_entry_sluice, uniq_ijyb,
          uniq_terence
D:4:      layout_basic, grunt_temple_overflow_diamond, supply_closet_lemuel
D:6:      layout_basic, serial_shops, shop_fountains

Skill      XL: |  1  2  3  4  5  6 |
---------------+-------------------+-----
Summonings     | 5 6 |  6.0
Fighting       | 2 3 4 |  4.3
Spellcasting   | 3 4 |  4.3
Polearms       | |  0.7
Dodging        | |  2.1
Stealth        | |  1.7

Action                   |  1- 3 |  4- 6 || total
-------------------------+-------+-------++-------
Melee: Dagger            |    66 |    44 ||   110
       Unarmed           |     2 |       ||     2
       Spear             |       |     7 ||     7
 Cast: Summon Small Mamm |    97 |    26 ||   123
       Call Canine Famil |     5 |    17 ||    22
       Call Imp          |     4 |    46 ||    50
 Abil: Hop               |     2 |     3 ||     5
  Use: Scroll            |       |     7 ||     7
 Stab: Sleeping          |     1 |     1 ||     2
       Distracted        |       |     1 ||     1
Armor: Leather armour    |    38 |    29 ||    67
Dodge: Dodged            |    73 |    25 ||    98
